 Dungeon Crawl Stone Soup version 0.28.0-47-ge53b351184 (webtiles) character file.

Game seed: 75463782415698203

532 Kenran the Ruffian (level 7, -1/48 HPs)
             Began as an Octopode Fighter on Apr 27, 2022.
             Succumbed to an orc wizard's poison
             ... on level 4 of the Dungeon.
             The game lasted 00:07:40 (3185 turns).

Kenran the Ruffian (Octopode Fighter)               Turns: 3185, Time: 00:07:40

Health: -1/48      AC:  1    Str: 16    XL:     7   Next: 24%
Magic:  7/7        EV: 14    Int: 10    God:
Gold:   237        SH:  4    Dex: 13    Spells: 6/6 levels left

rFire   . . .      SeeInvis .     - Unarmed
rCold   . . .      Faith    .   a - +0 buckler
rNeg    . . .      Spirit   .   (helmet restricted)
rPois   .          Reflect  .   (no amulet)
rElec   .          Harm     .   (no ring)
rCorr   .          Rampage  .   (no ring)
Will    .....                   (no ring)
Stlth   ++++......              (no ring)
HPRegen 0.16/turn               (no ring)
MPRegen 0.10/turn               (no ring)
                                (no ring)
                                (no ring)

@: lethally poisoned (-1 -> -10)
A: almost no armour, amphibious, 8 rings, camouflage 1, gelatinous body 1,
(nimble swimmer 1), tentacles
a: no special abilities


You were on level 4 of the Dungeon.
You visited 1 branch of the dungeon, and saw 4 of its levels.

You collected 237 gold pieces.

Inventory:

Missiles
 f - 2 boomerangs (quivered)
Armour
 a - a +0 buckler (worn)
Scrolls
 b - a scroll of fog
 j - a scroll of magic mapping
 k - a scroll of teleportation
 l - 2 scrolls of torment
 n - a scroll of amnesia {unknown}
Potions
 c - 2 potions of mutation
 e - a potion of degeneration {unknown}
 g - a potion of haste {unknown}
 h - a potion of flight {unknown}
 i - a potion of resistance {unknown}


   Skills:
 - Level 4.0 Fighting
 - Level 4.0 Dodging
 + Level 4.7 Stealth
 - Level 3.0 Shields
 + Level 5.7 Unarmed Combat


You had 6 spell levels left.
You didn't know any spells.
Your spell library was empty.

Dungeon Overview and Level Annotations

Branches:
Dungeon (4/15)
 Temple: D:4-7

Altars:


Innate Abilities, Weirdness & Mutations

You cannot wear most types of armour.
You are amphibious.
You can wear up to eight rings at the same time.
Your skin changes colour to match your surroundings (Stealth+).
Your rubbery body absorbs attacks. (AC +1, EV +1)
((You are camouflaged when in or above water. (Stealth+)))
You have tentacles for arms and can constrict up to eight enemies at once.


Message History

You feel sick.
You feel better. Something hits you.
* * * LOW HITPOINT WARNING * * *
You are lethally poisoned!
You tentacle-slap something.
* * * LOW HITPOINT WARNING * * *
You feel very sick.
You miss something.
* * * LOW HITPOINT WARNING * * *
You feel sick. Something hits you.
* * * LOW HITPOINT WARNING * * *
You are more poisoned.
You feel better. Something hits you.
* * * LOW HITPOINT WARNING * * *
Something hits you.
* * * LOW HITPOINT WARNING * * *
You are lethally poisoned!
Okay, then.
It was a potion of heal wounds.
You feel much better.
You feel very sick. You block something's attack. Something hits you.
You are more poisoned.
Okay, then.
As you read the scroll of teleportation, it crumbles to dust.
You feel strangely unstable.
You feel very sick.
You hear some strange, mumbled words.
A magic dart appears from out of thin air!
The magic dart hits you.
* * * LOW HITPOINT WARNING * * *
Something hits you.
* * * LOW HITPOINT WARNING * * *
* * * LOW HITPOINT WARNING * * *
You feel very sick.
* * * LOW HITPOINT WARNING * * *
You feel sick.
Your surroundings suddenly seem different.
A hound and a goblin come into view.
Found a sedimented purple potion.
You die...

### . ##.#
g.. ##..##
#...#....#
.........##
.......@..#
..........#
........h...#
...!......###
.........##
........##
....#..##
##...##


You could see a hound (asleep) and a goblin (asleep).

Vanquished Creatures
  Grinder (D:3)
  A phantom (D:4)
  3 orc wizards (D:4)
  A howler monkey zombie (D:3)
  6 gnolls
  5 adders
  2 worms (D:2)
  4 ball pythons
  4 endoplasms
  6 giant cockroaches
  7 goblins
  4 hobgoblins
  2 jackals (D:3)
  2 quokkas
  9 bats
  3 frilled lizards (D:1)
  4 kobolds
  2 rats
66 creatures vanquished.

Notes
Turn   | Place    | Note
-------+----------+-------------------------------------------
     0 | D:1      | Kenran the Octopode Fighter began the quest for the Orb.
     0 | D:1      | Reached XP level 1. HP: 16/16 MP: 1/1
   133 | D:1      | Reached skill level 1 in Stealth
   211 | D:1      | Reached XP level 2. HP: 21/21 MP: 2/2
   635 | D:1      | Found a faded altar of an unknown god.
   752 | D:2      | Reached skill level 3 in Unarmed Combat
   752 | D:2      | Reached XP level 3. HP: 26/26 MP: 3/3
  1175 | D:2      | Reached XP level 4. HP: 27/31 MP: 4/4
  1600 | D:2      | Reached skill level 4 in Unarmed Combat
  1866 | D:3      | Noticed Grinder
  1974 | D:3      | Reached XP level 5. HP: 35/36 MP: 5/5
  2251 | D:2      | Reached skill level 5 in Unarmed Combat
  2305 | D:3      | Killed Grinder
  2306 | D:3      | Reached XP level 6. HP: 34/42 MP: 6/6
  2841 | D:4      | Reached XP level 7. HP: 17/47 MP: 7/7
  3184 | D:4      | HP: 1/48 [poisoned by an orc wizard]
  3185 | D:4      | Succumbed to an orc wizard's poison

Illustrated notes

Levels and vault maps discovered:
D:1:      minmay_arrival_five_plusses, layout_basic,
          shapermc_ecumenical_altar_acropolis
D:2:      layout_loops_ring, minmay_tromino_v4_c
D:3:      layout_loops_ring, uniq_grinder
D:4:      layout_cave_pods, minmay_temple_entry_junction_2,
          minmay_a_box_with_orc_wizards_in_it

Skill      XL: |  1  2  3  4  5  6  7 |
---------------+----------------------+-----
Stealth        | 2 3 4 |  4.7
Unarmed Combat | 3 4 5 |  5.7
Fighting       | 4 |  4.0
Dodging        | 4 |  4.0
Shields        | |  3.0

Action                   |  1- 3 |  4- 6 |  7- 9 || total
-------------------------+-------+-------+-------++-------
Melee: Unarmed           |    79 |    80 |    18 ||   177
       Constrict         |    24 |    18 |     2 ||    44
       Tentacles         |    17 |    18 |     2 ||    37
       Punch             |     3 |     1 |     1 ||     5
  Use: Potion            |       |     1 |     3 ||     4
       Scroll            |       |     6 |     1 ||     7
 Stab: Sleeping          |     9 |    11 |     1 ||    21
Armor: Skin              |     7 |     6 |     1 ||    14
Dodge: Dodged            |    53 |    28 |     5 ||    86
Block: Buckler           |    11 |    18 |     2 ||    31
